Map: Galactic Process LE

Players

llllllllllll - Winner!

  • Race: Zerg Zerg
  • League: Grandmaster

DarowoonRace

  • Race: Protoss Protoss
  • League: Grandmaster

VOD

Have the link to the VOD?

Description

Time

  • Played on: Oct. 27, 2016, 1:30 p.m.
  • Length: 5:48
Show
View Real Time Build Order
Export as new Build Order

llllllllllll Zerg - Winner!

Build Orders: Hatch First 

Get SALT Encoding   

  12  0:01  Drone  
  13  0:14  Overlord  
  13  0:18  Drone  
  14  0:33  Drone x2  
  16  0:50  Unknown, Hatchery  
  16  0:52  Drone  
  16  0:56  Drone  
  17  1:00  Drone  
  18  1:11  Extractor  
  17  1:20  Spawning Pool  
  17  1:21  Drone x2  
  18  1:33  Drone  
  19  1:43  Overlord  
  19  2:01  Unknown, Drone  
  20  2:02  Drone  
  20  2:03  Drone  
  20  2:08  Queen x2  
  26  2:13  Zergling x4  
  28  2:16  Metabolic Boost  
  28  2:23  Zergling x2  
  28  2:26  Drone  
  30  2:37  Drone x2  
  32  2:45  Drone  
  32  2:48  Unknown, Hatchery  
  32  2:57  Overlord  
  32  2:58  Drone x2  
  34  3:02  Pneumatized Carapace  
  35  3:12  Drone  
  35  3:13  Drone  
  35  3:17  Overlord  
  35  3:19  Drone x3  
  39  3:20  Drone x2  
  39  3:25  Drone x2  
  43  3:33  Zergling x2  
  44  3:35  Queen  
  44  3:38  Drone  
  47  3:45  Evolution Chamber, Drone  
  47  3:46  Baneling Nest  
  46  3:51  Zergling x2  
  47  3:56  Drone x4  
  47  3:59  Unknown, Overlord  
  47  4:00  Queen  
  53  4:06  Drone x2  
  55  4:14  Drone x3  
  55  4:16  Lair  
  58  4:19  Queen  
  60  4:25  Drone x3  
  60  4:26  Drone x2  
  65  4:31  Spore Crawler  
  65  4:32  Drone  
  65  4:33  Spore Crawler, Overlord  
  65  4:37  Zergling x4  
  66  4:45  Spore Crawler  
  65  4:47  Overlord  
  65  4:50  Queen  
  67  4:54  Queen  
  67  4:57  Zergling x2  
  67  4:58  Zergling x8  
  74  5:01  Overlord  
  74  5:03  Overlord  
  74  5:07  Drone x4  
  74  5:09  Zergling x2  
  74  5:10  Zergling x2  
  74  5:11  Zergling x2  
  74  5:12  Zergling x2  
  74  5:13  Overseer  
  82  5:22  Drone x3  
  82  5:23  Drone x2  
  82  5:25  Drone x2  
  89  5:34  Drone x2  
  88  5:40  Extractor  
  88  5:41  Extractor  
  88  5:42  Extractor  
  89  5:47  Roach Warren  
Show
View Real Time Build Order
Export as new Build Order

DarowoonRace Protoss 

Build Orders: 1 Gate Expand, Zealot Archon, Dark Templar Rush 

Get SALT Encoding   

  12  0:01  Probe (Chrono Boost)  
  13  0:11  Probe (Chrono Boost)  
  14  0:18  Pylon  
  14  0:22  Probe (Chrono Boost)  
  15  0:36  Probe (Chrono Boost)  
  15  0:38  Gateway  
  16  0:44  Assimilator  
  16  0:48  Probe (Chrono Boost)  
  17  0:58  Probe (Chrono Boost)  
  18  1:09  Probe (Chrono Boost)  
  19  1:24  Nexus, Unknown  
  19  1:26  Probe (Chrono Boost)  
  20  1:35  Cybernetics Core  
  20  1:38  Probe (Chrono Boost)  
  21  1:45  Assimilator  
  21  1:49  Probe (Chrono Boost)  
  22  1:54  Pylon  
  22  1:59  Probe (Chrono Boost)  
  23  2:09  Adept  
  23  2:12  Warp Gate  
  23  2:14  Probe (Chrono Boost)  
  26  2:26  Probe (Chrono Boost), Twilight Council  
  27  2:33  Stalker  
  27  2:35  Unknown  
  27  2:36  Probe (Chrono Boost)  
  28  2:40  Probe (Chrono Boost)  
  31  2:47  Probe (Chrono Boost)  
  33  2:52  Probe (Chrono Boost)  
  33  2:55  Robotics Facility  
  33  2:59  Probe (Chrono Boost)  
  33  3:03  Probe (Chrono Boost)  
  35  3:09  Probe (Chrono Boost)  
  36  3:14  Probe (Chrono Boost)  
  37  3:20  Probe (Chrono Boost)  
  37  3:21  Dark Shrine  
  37  3:24  Probe (Chrono Boost)  
  39  3:31  Probe (Chrono Boost)  
  40  3:36  Gateway x2  
  40  3:38  Gateway  
  40  3:41  Probe (Chrono Boost)  
  40  3:43  Probe (Chrono Boost)  
  42  3:48  Warp Prism  
  42  3:50  Pylon  
  44  3:58  Probe (Chrono Boost)  
  44  4:00  Probe (Chrono Boost), Assimilator  
  46  4:02  Assimilator  
  46  4:09  Mothership Core (Chrono Boost), Pylon  
  48  4:13  Probe (Chrono Boost)  
  49  4:20  Adept  
  49  4:22  Observer  
  52  4:25  Probe (Chrono Boost)  
  52  4:27  Probe (Chrono Boost)  
  54  4:35  Gateway  
  54  4:38  Probe x2 (Chrono Boost)  
  56  4:41  Pylon  
  56  4:42  Dark Templar x2  
  60  4:51  Dark Templar  
  62  5:00  Dark Templar  
  62  5:01  Archon  
  62  5:04  Nexus, Unknown  
  64  5:07  Pylon  
  64  5:08  Archon  
  64  5:19  Adept  
  70  5:27  Pylon  
  70  5:28  Pylon  
Tags
 
Add a new tag
Caveats
  • Supply blocks, unpowered buildings, or Contaminate may cause inaccurate times.
  • Supply counts are checked every 10 seconds.